 Dungeon Crawl Stone Soup version 0.28-a0-519-gbfeecf2fc5 (webtiles) character file.

Game seed: 8978950352779405886

41 speeev33 the Cudgeller (level 3, -1/23 HPs)
             Began as a Gargoyle Gladiator on Sept 23, 2021.
             Killed from afar by Sigmund (6 damage)
             ... with a puff of flame
             ... on level 2 of the Dungeon.
             The game lasted 00:02:54 (2248 turns).

speeev33 the Cudgeller (Gargoyle Gladiator)         Turns: 2248, Time: 00:02:55

Health: -1/23      AC: 10    Str: 18    XL:     3   Next: 52%
Magic:  3/3        EV: 12    Int:  8    God:
Gold:   68         SH:  0    Dex: 11    Spells: 2/2 levels left

rFire   . . .      SeeInvis .   a - +0 flail
rCold   . . .      Faith    .   (no shield)
rNeg    + . .      Spirit   .   b - +0 leather armour
rPois   ∞          Reflect  .   c - +0 helmet
rElec   +          Harm     .   (no cloak)
rCorr   .          Rampage  .   (no gloves)
Will    .....                   g - +2 pair of boots
Stlth   +.........              (no amulet)
HPRegen 0.07/turn               (no ring)
MPRegen 0.08/turn               (no ring)

@: no status effects
A: sickness immunity, AC +3, negative energy resistance 1, electricity
resistance, torment resistance 1, petrification resistance
a: no special abilities


You were on level 2 of the Dungeon.
You visited 1 branch of the dungeon, and saw 2 of its levels.

You collected 68 gold pieces.

Inventory:

Hand Weapons
 a - a +0 flail (weapon)
Missiles
 d - 3 throwing nets (quivered)
Armour
 b - a +0 leather armour (worn)
 c - a +0 helmet (worn)
 g - a +2 pair of boots (worn)
Scrolls
 j - a scroll of silence {unknown}
Potions
 e - a potion of resistance
 f - a potion of curing
 h - a potion of flight {unknown}
 i - a potion of lignification {unknown}


   Skills:
 + Level 3.0 Fighting
 + Level 3.5 Maces & Flails
 - Level 1.7 Throwing
 + Level 1.7 Armour
 - Level 2.4 Dodging


You had 2 spell levels left.
You didn't know any spells.
Your spell library contained the following spells:

 Spells                   Type           Power      Damage    Failure   Level
 Shock                    Conj/Air       0%         1d3       45%         1
 Swiftness                Air            0%         N/A       83%         3
 Airstrike                Air            0%         N/A       99%         4


Dungeon Overview and Level Annotations

Branches:
Dungeon (2/15)

Altars:

Annotations:
D:2 Sigmund


Innate Abilities, Weirdness & Mutations

You are immune to sickness and miasma.
Your stone body is resilient. (AC +3)
You are immune to poison.
You resist negative energy. (rN+)
You are resistant to electric shocks. (rElec)
You are resistant to unholy torment.
You are immune to petrification.


Message History

A goblin is nearby!
Sigmund the Dreaded comes into view.
He is wielding a +0 scythe and carrying a wand of flame (21).
You see here 17 sling bullets.
You completely miss the goblin. The goblin hits you with a +0 dagger.
Sigmund casts a spell.
Sigmund flickers and vanishes!
Deactivating autopickup; reactivate with Ctrl-A.
The goblin barely misses you.
You sock the goblin!
You kill the goblin!
You hear a zap.
A puff of flame appears from out of thin air!
The puff of flame hits you but does no damage.
You hear some strange, mumbled words.
Something tries to affect you, but you resist.
Okay, then.
You hear a zap.
A puff of flame appears from out of thin air!
The puff of flame hits you!
You see here 17 sling bullets.
You hear a zap.
A puff of flame appears from out of thin air!
The puff of flame hits you!
* * * LOW HITPOINT WARNING * * *
A magic dart appears from out of thin air!
The magic dart hits you.
* * * LOW HITPOINT WARNING * * *
Sigmund gestures at you while chanting.
You are confused.
You're too confused to move!
You bump into the rock wall.
You bump into the rock wall.
You bump into the rock wall.
You feel less confused.
Sigmund zaps a wand.
The puff of flame hits you.
* * * LOW HITPOINT WARNING * * *
Things that are here:
a +0 dagger; 2 stones Sigmund zaps a wand.
The puff of flame hits you.
You die...

.....#.######....####.........###
........@...........'.........'..
.....#.######..@.####.........###
.......# ###..# ##.......## #
###.#### ##.# ##.....## # #.# #.#
##...## # #.# #)# ##+## # #.# #.#
#.# #.# #@# #.# #.# ##.###
##.####### #....# ##.........
#..#.# #.....#####
#..#.#####....# #......# ##.#.#
#.##.#.####.#.# #.##.#........#
#.##.######.###


You could see Sigmund.

Vanquished Creatures
  An adder (D:2)
  A dart slug (D:1)
  4 endoplasms
  2 giant cockroaches
  4 goblins
  A hobgoblin (D:2)
  3 quokkas
  3 ball pythons (D:1)
  2 bats
  4 frilled lizards
  5 kobolds
30 creatures vanquished.

Notes
Turn   | Place    | Note
-------+----------+-------------------------------------------
     0 | D:1      | speeev33 the Gargoyle Gladiator began the quest for the
                  | Orb.
     0 | D:1      | Reached XP level 1. HP: 12/12 MP: 1/1
   255 | D:1      | Found a faded altar of an unknown god.
   763 | D:1      | Reached XP level 2. HP: 12/18 MP: 2/2
   928 | D:1      | Reached skill level 1 in Armour
  1609 | D:2      | Reached XP level 3. HP: 13/22 MP: 3/3
  2190 | D:2      | Noticed Sigmund
  2248 | D:2      | Killed from afar by Sigmund

Illustrated notes

Levels and vault maps discovered:
D:1:      dpeg_arrival_erosion, layout_basic, chequers_ecumenical_altar_simple
D:2:      layout_loops_corners, uniq_sigmund, uniq_natasha

Skill      XL: |  1  2  3 |
---------------+----------+-----
Armour         | 1 |  1.7
Fighting       | 3 |  3.0
Maces & Flails | |  3.5
Throwing       | |  1.7
Dodging        | |  2.4

Action                   || total
-------------------------++-------
Melee: Flail             ||    88
  Use: Scroll            ||     5
Armor: Leather armour    ||    50
Dodge: Dodged            ||    65

Table legend: (Time is in decaauts)
 A = Elapsed time spent in this place.
 B = Non-inter-level travel time spent in this place.
 C = Inter-level travel time spent in this place.
 D = Time resting spent in this place.
 E = Time spent auto-exploring this place.
 F = Levels seen in this place.
 G = Mean time per level.
                   A        B        C        D        E       F      G
               +--------+--------+--------+--------+--------+-----+--------+
         Total |   2270 |   2232 |     38 |    687 |   1128 |   2 | 1135.0 |
       Dungeon |   2270 |   2232 |     38 |    687 |   1128 |   2 | 1135.0 |
               +--------+--------+--------+--------+--------+-----+--------+

Top non-repeatable levels by time:
     D:1: 1609 daAuts
     D:2: 661 daAuts
